 Dungeon Crawl Stone Soup version 0.32-a0-886-g41c5271027 (webtiles) character file.

Game seed: 4786276067807327850

43855 ragingrage the Marksdjinni (level 14, -10/96 HPs)
             Began as a Djinni Artificer on Apr 3, 2024.
             Was a High Priest of Okawaru.
             Mangled by a two-headed ogre
             ... wielding a +0 giant spiked club
              (26 damage)
             ... on level 11 of the Dungeon.
             The game lasted 00:31:06 (24790 turns).

ragingrage the Marksdjinni (Djinni Artificer)      Turns: 24790, Time: 00:31:06

Health: -10/96     AC: 18    Str: 11    XL:     14   Next: 62%
Gold:   1076       EV: 13    Int: 15    God:    Okawaru [*****.] SH:  0 Dex: 17

rFire   + + +        b - +3 sling (heavy)
rCold   . . .        (no shield)
rNeg    . . .        Y - +0 troll leather armour
rPois   ∞            n - +2 helmet
rElec   .            h - scarf {rC+ rF+}
rCorr   .            S - +1 pair of gloves
SInv    .            (boots unavailable)
Will    +....        (no amulet)
Stlth   ++           M - +4 ring of protection
HPRegen 1.16/turn    C - +4 ring of protection
MPRegen 0.00/turn

%: infuse magic (-11 HP)
@: flying
A: sickness immunity, fire resistance 2, cold vulnerability 1, float, innate
caster, HP casting, extra vitality 1
a: Renounce Religion, Heroism, Finesse, Duel


You were on level 11 of the Dungeon.
You worshipped Okawaru.
Okawaru was extremely pleased with you.
You visited 4 branches of the dungeon, and saw 20 of its levels.
You also visited: Sewer.

You collected 1342 gold pieces.
You spent 266 gold pieces at shops.

Inventory:

Hand Weapons
 a - a +2 dagger of venom
 b - a +3 heavy sling (weapon)
Missiles
 g - 60 poisoned darts
 B - 3 throwing nets
Armour
 h - a scarf of resistance (worn)
 n - a +2 helmet (worn)
 J - a +0 cloak
 S - a +1 pair of gloves (worn)
 U - a +2 robe of resistance
 W - the +4 chain mail of Sagguadi {rF+ rN+ Str+3 Int-3}
   (You found it on level 4 of the Lair of Beasts)

   Str+3:     It affects your strength (+3).
   Int-3:     It affects your intelligence (-3).
   rF+:       It protects you from fire.
   rN+:       It protects you from negative energy.
 Y - a +0 troll leather armour (worn)
Jewellery
 C - a +4 ring of protection (right hand)
 M - a +4 ring of protection (left hand)
 O - a ring of protection from cold
 P - a ring of resist corrosion
 Q - a +6 ring of dexterity
 R - a ring of protection from cold
 X - the ring of Pulidgh Buots {Fly Dex+3 Slay+2}
   (You found it on level 11 of the Dungeon)

   [ring of flight]

   Dex+3:     It affects your dexterity (+3).
   Slay+2:    It affects your accuracy & damage with ranged weapons and melee
   (+2).
   Fly:       It grants you flight.
Wands
 c - a wand of flame (23)
 e - a wand of iceblast (3)
 s - a wand of mindburst (10)
 T - a wand of digging (3)
Scrolls
 k - 2 scrolls of revelation
 l - 3 scrolls of fog
 o - a scroll of brand weapon {unknown}
 p - a scroll of immolation
 q - 8 scrolls of teleportation
 r - 2 scrolls of torment
 t - a scroll of poison
 y - a scroll of blinking
 D - a scroll of vulnerability {unknown}
 I - 3 scrolls of noise
 L - a scroll of enchant weapon
 N - a scroll of silence {unknown}
 Z - a scroll of acquirement
Potions
 d - 2 potions of curing
 f - 4 potions of brilliance
 i - 2 potions of degeneration {unknown}
 j - 2 potions of cancellation
 m - 3 potions of might
 u - 3 potions of lignification
 v - a potion of mutation {unknown}
 w - 2 potions of enlightenment {unknown}
 z - 2 potions of ambrosia {unknown}
 A - 2 potions of attraction {unknown}
 F - 2 potions of resistance {unknown}
 G - 3 potions of haste {unknown}
 H - a potion of magic {unknown}
 K - a potion of invisibility {unknown}


   Skills:
 + Level 7.3 Fighting
 - Level 16.0 Ranged Weapons
 - Level 10.0 Armour
 - Level 5.0 Dodging
 - Level 2.0 Stealth
 - Level 1.0 Spellcasting
 - Level 1.0 Conjurations
 - Level 1.0 Hexes
 - Level 1.0 Summonings
 - Level 1.0 Necromancy
 - Level 1.0 Translocations
 - Level 1.0 Fire Magic
 - Level 1.0 Ice Magic
 - Level 1.0 Air Magic
 - Level 1.0 Earth Magic
 - Level 1.0 Alchemy
 - Level 8.0 Invocations
 - Level 3.0 Evocations


You knew the following spells:

 Your Spells              Type           Power      Damage    Failure   Level
a - Apportation           Tloc           6%         N/A       21%         1
b - Momentum Strike       Conj/Tloc      6%         3d8       30%         2
c - Teleport Other        Tloc           3%         N/A       52%         3
d - Swiftness             Air            3%         N/A       52%         3
e - Flame Wave            Conj/Fire      3%         2d5       89%         4
f - Summon Mana Viper     Hex/Summ       3%         N/A       99%         5
Your spell library was empty.

Dungeon Overview and Level Annotations

Branches:
Dungeon (12/15)            Temple (1/1) D:7            Lair (5/5) D:8
  Snake (0/4) Lair:2        Slime (0/5) Lair:4          Orc (2/2) D:11
  Sewer (visited)
  Swamp: Lair:2-3    Shoals: Lair:2-3       Elf: Orc:2

Altars:
Ashenzari
Cheibriados
Dithmenos
Elyvilon
Fedhas
Gozag
Hepliaklqana
Makhleb
Nemelex Xobeh
Okawaru
Qazlal
Ru
Trog
Uskayaw
Wu Jian
Xom
Yredelemnul
Zin
The Shining One

Shops:
D:1 [   D:4 *!:[*   D:8 (   D:12 [*

Annotations:
D:3 2 transporters, dogverified's ghost, weakling DsGl
D:6 3 runed translucent doors, exclusion: downstairs, Crazy Yiuf; TwadoKnight's ghost, novice MiFi
D:7 exclusion: downstairs
Lair:2 2 exclusions
Lair:3 3 runed translucent doors, DeathSocks's ghost, journeyman VSDe
Lair:4 exclusion: 2 downstairs


Innate Abilities, Weirdness & Mutations

You are immune to sickness and miasma.
You are immune to poison.
Your flesh is very heat resistant. (rF++)
You are vulnerable to cold. (rC-)
You float through the air rather than walking.
You learn spells naturally, not from books.
Your magical power is your life essence.
You have superior vitality. (+4 MHP)


Message History

The curare-tipped dart hits the two-headed ogre.
The two-headed ogre is poisoned.
The two-headed ogre struggles to breathe.
The two-headed ogre seems to slow down.
The two-headed ogre hits you but does no damage.
The two-headed ogre closely misses you.
You shoot a sling bullet.
The sling bullet hits the two-headed ogre.
You shoot a sling bullet.
The sling bullet hits the two-headed ogre but does no damage.
The two-headed ogre closely misses you. The two-headed ogre barely misses you.
You shoot a sling bullet.
The sling bullet hits the two-headed ogre!
You shoot a sling bullet.
The sling bullet hits the two-headed ogre!
The two-headed ogre hits you with a +0 giant spiked club!!
The two-headed ogre closely misses you.
You shoot a sling bullet.
The sling bullet completely misses the two-headed ogre.
The sling bullet hits the orc warrior but does no damage.
You shoot a sling bullet.
The sling bullet barely misses the two-headed ogre.
The sling bullet hits the orc warrior!
The two-headed ogre hits you with a +0 giant spiked club!
* * * LOW HITPOINT WARNING * * *
The two-headed ogre closely misses you.
You shoot a sling bullet.
The sling bullet hits the two-headed ogre.
The two-headed ogre closely misses you.
The two-headed ogre hits you with a +0 giant club!
* * * LOW HITPOINT WARNING * * *
You shoot a sling bullet.
The sling bullet barely misses the two-headed ogre.
The sling bullet hits the orc warrior!
The two-headed ogre is no longer moving slowly.
You shoot a sling bullet.
The sling bullet barely misses the two-headed ogre.
The sling bullet hits the orc warrior.
The two-headed ogre hits you with a +0 giant spiked club!!
You die...

...<.........#........##
.:...##......##........##
........................#
≈≈≈≈≈≈≈≈≈≈≈≈≈≈≈≈≈≈≈≈...###
≈≈≈≈≈≈≈≈≈≈≈≈≈≈≈≈≈≈≈≈.....##
##################≈≈......#
...............≈[#≈≈......#
..[)...........###≈≈...#######
[[....ß.......oO@#≈≈.#...##..###
...............###≈≈.#.......#.##
.[.....[.......≈[#≈≈.#..........#
##################≈≈.........#...
≈≈≈≈≈≈≈≈≈≈≈≈≈≈≈≈≈≈≈≈...#.....#...
≈≈≈≈≈≈≈≈≈≈≈≈≈≈≈≈≈≈≈≈.............
...............................:.
...............##................
...............#....##...........


You could see a two-headed ogre (poisoned) and an orc warrior.

Vanquished Creatures
  Gastronok (D:10)
  Harold (D:9)
  2 ogre magi (Orc:2)
  A boulder beetle (Lair:5)
  Erica (Lair:1)
  A centaur warrior (D:9)
  6 two-headed ogres
  A death yak (Lair:4)
  Nergalle (D:11)
  A lindwurm (Lair:4)
  2 orc sorcerers (Orc:1)
  2 orc knights
  An ugly thing (D:8)
  3 cyclopes (D:11)
  3 manticores
  A salamander (Lair:2)
  6 elephants
  6 black mambas
  11 cane toads
  2 gargoyles
  4 komodo dragons
  A rime drake (Lair:1)
  2 kobold demonologists (D:10)
  3 trolls
  A polar bear (shapeshifter) (D:10)
  3 hornets
  A polar bear (Lair:3)
  Grinder (D:4)
  24 blink frogs
  4 dream sheep (Lair:3)
  4 wyverns
  A wraith (D:9)
  2 shadows
  2 wargs
  35 yaks
  2 basilisks (Lair:2)
  Menkaure (D:5)
  5 water moccasins
  An acid dragon (D:12)
  8 orc warriors
  A sky beast (D:6)
  13 ogres
  4 centaurs
  6 kobold brigands
  A gnoll sergeant (D:6)
  Blork the orc (D:3)
  10 bullfrogs
  4 scorpions
  6 killer bees (D:10)
  6 electric eels
  2 bombardier beetles (D:7)
  A howler monkey (D:7)
  3 lava snakes (Lair:2)
  A hound (D:4)
  6 jellies
  A gnoll bouda (D:7)
  7 orc priests
  2 sleepcaps
  An iguana (D:6)
  13 orc wizards
  A hell rat (Sewer)
  9 adders
  13 gnolls
  2 river rats (Sewer)
  A shadow imp (D:8)
  A white imp (D:7)
  2 ufetubi (D:6)
  2 dart slugs
  3 ribbon worms
  44 orcs
  4 ball pythons
  9 endoplasms
  A giant cockroach (D:6)
  7 goblins
  6 hobgoblins
  4 jackals (D:2)
  4 quokkas
  7 bats
  4 frilled lizards
  20 kobolds
  6 rats
397 creatures vanquished.

Vanquished Creatures (collateral kills)
  2 kobolds (D:6)
2 creatures vanquished.

Vanquished Creatures (others)
  A kobold brigand (D:6)
  2 orc wizards (D:5)
  An orc (D:3)
  A quokka (D:2)
5 creatures vanquished.

Grand Total: 404 creatures vanquished

Notes
Turn   | Place    | Note
-------+----------+-------------------------------------------
     0 | D:1      | ragingrage the Djinni Artificer began the quest for the
                  | Orb.
     0 | D:1      | Reached XP level 1. HP: 17/17 MP: 0/0
    33 | D:1      | Reached skill level 1 in Stealth
   165 | D:1      | Reached XP level 2. HP: 9/22 MP: 0/0
   284 | D:1      | Found Eghopp's Antique Armour Shoppe.
   585 | D:2      | Reached XP level 3. HP: 21/27 MP: 0/0
   585 | D:2      | Learned a level 1 spell: Apportation
   809 | D:2      | Reached skill level 1 in Spellcasting
   809 | D:2      | Reached skill level 1 in Conjurations
   809 | D:2      | Reached skill level 1 in Hexes
   809 | D:2      | Reached skill level 1 in Summonings
   809 | D:2      | Reached skill level 1 in Necromancy
   809 | D:2      | Reached skill level 1 in Translocations
   809 | D:2      | Reached skill level 1 in Fire Magic
   809 | D:2      | Reached skill level 1 in Ice Magic
   809 | D:2      | Reached skill level 1 in Air Magic
   809 | D:2      | Reached skill level 1 in Earth Magic
   809 | D:2      | Reached skill level 1 in Alchemy
  1300 | D:3      | Found a transporter.
  1301 | D:3      | Noticed dogverified's ghost (weakling DsGl)
  1326 | D:3      | Reached XP level 4. HP: 33/33 MP: 0/0
  1341 | D:3      | Reached skill level 1 in Ranged Weapons
  1369 | D:3      | You are sucked into a shaft and drop 3 floors!
  1373 | D:5      | Entered Level 5 of the Dungeon
  1424 | D:6      | Noticed a kobold brigand
  1507 | D:6      | Reached skill level 2 in Ranged Weapons
  1507 | D:6      | Reached XP level 5. HP: 38/38 MP: 0/0
  1507 | D:6      | Learned a level 2 spell: Momentum Strike
  1552 | D:6      | Reached skill level 3 in Ranged Weapons
  1556 | D:6      | Reached XP level 6. HP: 39/43 MP: 0/0
  1604 | D:6      | Found a glowing drain.
  1613 | D:6      | Found a large runed translucent door.
  1613 | D:6      | Found a large runed translucent door.
  1628 | Sewer    | Entered a sewer
  1750 | Sewer    | Reached skill level 4 in Ranged Weapons
  1817 | D:6      | Noticed TwadoKnight's ghost (novice MiFi)
  1987 | D:5      | Reached XP level 7. HP: 49/49 MP: 0/0
  1987 | D:5      | Learned a level 3 spell: Teleport Other
  2069 | D:4      | Found Xoifey's Assorted Antiques.
  2072 | D:4      | Found Von Vewkant's Book Shop.
  2176 | D:3      | Found a transporter.
  2641 | D:3      | Reached skill level 5 in Ranged Weapons
  2859 | D:4      | Noticed Blork the orc
  3046 | D:3      | Killed Blork the orc
  3176 | D:4      | Found Nomozacs's Distillery.
  3203 | D:4      | Bought a potion of heal wounds for 60 gold pieces
  3203 | D:4      | Bought a potion of lignification for 36 gold pieces
  3205 | D:4      | Identified the +2 pair of boots "Hipn" {rPois Str+3}
  3211 | D:4      | Bought a bubbling golden potion for 26 gold pieces
  3355 | D:4      | Found Huaholyoji's Armour Boutique.
  3617 | D:4      | Found Eruffeuc's Assorted Antiques.
  3623 | D:4      | Bought a scroll labelled BIDEAS ORARI for 26 gold pieces
  3623 | D:4      | Bought a scroll labelled AKHLOF KEIJI for 26 gold pieces
  3735 | D:4      | Found an iron altar of Okawaru.
  3765 | D:4      | Noticed Grinder
  3785 | D:4      | Paralysed by Grinder for 4 turns
  3793 | D:4      | Killed Grinder
  3794 | D:4      | Reached skill level 6 in Ranged Weapons
  3794 | D:4      | Reached XP level 8. HP: 54/54 MP: 0/0
  3921 | D:4      | Found a glowing silver altar of Zin.
  3921 | D:4      | Found a hide-covered altar of Uskayaw.
  3936 | D:4      | Became a worshipper of Warmaster Okawaru
  4040 | D:5      | Reached skill level 7 in Ranged Weapons
  4309 | D:5      | Found a stormy altar of Qazlal.
  4317 | D:5      | Found a blossoming altar of Fedhas.
  4393 | D:5      | Noticed Menkaure
  4404 | D:5      | Killed Menkaure
  4789 | D:5      | Found a shadowy altar of Dithmenos.
  4795 | D:5      | Found a sparkling altar of Nemelex Xobeh.
  5105 | D:6      | Reached * piety under Okawaru
  5169 | D:6      | Reached XP level 9. HP: 58/58 MP: 0/0
  5169 | D:6      | Learned a level 3 spell: Swiftness
  5259 | D:6      | Found a runed translucent door.
  5260 | D:6      | Noticed Crazy Yiuf
  5441 | D:6      | Reached skill level 8 in Ranged Weapons
  6106 | D:7      | Found a basalt altar of Yredelemnul.
  6234 | D:7      | Found a staircase to the Ecumenical Temple.
  6333 | D:8      | Noticed a purple ugly thing
  6333 | D:8      | Found Huqef's Antique Weapon Boutique.
  6350 | Temple   | Entered the Ecumenical Temple
  6479 | D:8      | Noticed a hornet
  6484 | D:8      | Killed a hornet
  6484 | D:8      | Reached ** piety under Okawaru
  6485 | D:8      | Reached skill level 9 in Ranged Weapons
  6694 | D:8      | Killed a purple ugly thing
  6695 | D:8      | Reached skill level 10 in Ranged Weapons
  6695 | D:8      | Reached XP level 10. HP: 64/64 MP: 0/0
  6955 | D:8      | Noticed a gargoyle
  6960 | D:8      | Killed a gargoyle
  6960 | D:8      | Reached *** piety under Okawaru
  7054 | D:8      | Found a shimmering altar of Xom.
  7109 | D:8      | Found a staircase to the Lair.
  7272 | D:9      | Noticed a centaur warrior
  7604 | D:9      | Killed a centaur warrior
  7605 | D:9      | Reached skill level 11 in Ranged Weapons
  7824 | D:9      | Found a bloodstained altar of Trog.
  8281 | D:9      | Found a burning altar of Makhleb.
  8411 | D:9      | Found a sacrificial altar of Ru.
  8414 | D:9      | Found a snail-covered altar of Cheibriados.
  8464 | D:9      | Reached **** piety under Okawaru
  8648 | D:10     | Entered Level 10 of the Dungeon
  8826 | D:10     | Noticed Harold
  8861 | D:9      | HP: 3/64 [Harold/+0 war axe (15)]
  8867 | D:9      | Killed Harold
  8868 | D:9      | Reached skill level 12 in Ranged Weapons
  9083 | D:9      | Reached XP level 11. HP: 21/68 MP: 0/0
  9083 | D:9      | Learned a level 4 spell: Flame Wave
  9271 | D:10     | Noticed a manticore
  9282 | D:10     | Killed a manticore
  9357 | Lair:1   | Entered Level 1 of the Lair of Beasts
  9837 | D:8      | Reached skill level 13 in Ranged Weapons
 10362 | D:8      | Reached ***** piety under Okawaru
 11626 | Lair:1   | Received a gift from Okawaru
 11964 | Lair:1   | Noticed Erica
 11988 | Lair:1   | Killed Erica
 11989 | Lair:1   | Reached skill level 14 in Ranged Weapons
 11989 | Lair:1   | Reached skill level 1 in Invocations
 12445 | Lair:1   | Reached XP level 12. HP: 78/78 MP: 0/0
 12555 | Lair:1   | Received a gift from Okawaru
 12967 | Lair:1   | Reached skill level 5 in Invocations
 13834 | Lair:1   | Reached skill level 5 in Fighting
 13834 | Lair:1   | Reached skill level 5 in Armour
 15442 | Lair:2   | Found a staircase to the Snake Pit.
 16018 | Lair:2   | Received a gift from Okawaru
 16430 | Lair:3   | Identified the +4 mace "Rodi" {spect, rF+ rN+ Dex+4}
 16699 | Lair:3   | Reached XP level 13. HP: 87/87 MP: 0/0
 16699 | Lair:3   | Learned a level 5 spell: Summon Mana Viper
 17404 | Lair:3   | Found a runed translucent gate.
 17404 | Lair:3   | Found a runed translucent gate.
 17404 | Lair:3   | Found a runed translucent gate.
 17506 | Lair:3   | Reached skill level 5 in Dodging
 17835 | Lair:3   | Noticed DeathSocks's ghost (journeyman VSDe)
 18583 | Lair:3   | Received a gift from Okawaru
 18711 | Lair:4   | Identified the +4 chain mail of Sagguadi {rF+ rN+ Str+3
                  | Int-3}
 18837 | Lair:4   | Found a staircase to the Slime Pits.
 19863 | Lair:5   | Entered Level 5 of the Lair of Beasts
 20161 | Lair:5   | Noticed a seven-headed hydra
 20223 | Lair:5   | Noticed a catoblepas
 21371 | D:11     | Received a gift from Okawaru
 21613 | D:11     | Reached XP level 14. HP: 94/94 MP: 0/0
 21699 | D:11     | Noticed Gastronok
 21719 | D:11     | Reached skill level 15 in Ranged Weapons
 21862 | D:10     | Killed Gastronok
 21863 | D:10     | Reached skill level 10 in Armour
 22185 | D:11     | Identified the ring of Pulidgh Buots {Fly Dex+3 Slay+2}
 22264 | D:11     | Found a staircase to the Orcish Mines.
 22612 | D:12     | Received a gift from Okawaru
 22662 | D:12     | Found Pauro's Assorted Antiques.
 22670 | D:12     | Bought 2 scrolls labelled KEAXIRUNIQ for 64 gold pieces
 22670 | D:12     | Bought a lumpy silvery potion for 28 gold pieces
 23083 | D:12     | Found Hointeni's Antique Armour Shop.
 23122 | D:12     | Identified a scroll of acquirement
 23188 | Orc:1    | Entered Level 1 of the Orcish Mines
 23188 | Orc:1    | Noticed Nergalle
 23206 | D:11     | Killed Nergalle
 23435 | Orc:2    | Entered Level 2 of the Orcish Mines
 24191 | Orc:1    | Reached skill level 16 in Ranged Weapons
 24676 | Orc:2    | Received a gift from Okawaru
 24694 | Orc:2    | Paralysed by an orc sorcerer for 4 turns
 24790 | D:11     | Mangled by a two-headed ogre

Illustrated notes

Levels and vault maps discovered:
D:1:      lightli_arrival_chessboard, layout_rooms, serial_shops, shop
D:2:      layout_basic, basic_altar
D:3:      layout_loops_ring, gammafunk_ghost_smash, serial_park_tiny_2
D:4:      layout_loops_ring, minitemple, serial_shops, nicolae_square_shop,
          nicolae_shop_advertising_works [nicolae_subvault_shop_adworks], shop,
          nicolae_shop_crystal, shop, uniq_grinder, uniq_blork_the_orc
D:5:      layout_basic, grunt_temple_overflow_forces_of_nature,
          amethyst_overflow_temple_binary, minmay_holes, uniq_menkaure
D:6:      layout_cave_pools, gup_sewer_entry_glass, ebering_ghost_disaster_area,
          amcnicky_mini_rare_corridor_liquid, uniq_crazy_yiuf_cottage
D:7:      layout_basic, mainiacjoe_overflow_brackets, minmay_temple_entry_glass,
          st_stairs_9
D:8:      layout_loops_cross, mainiacjoe_overflow_24_doors,
          mainiacjoe_overflow_alcove_4, nicolae_stop_n_shop_1
D:9:      layout_long_grid, grunt_temple_overflow_cloverleaf
D:10:     layout_irregular_city, uniq_harold
D:11:     layout_cave_pools, erik_orc_2, serial_column_ruins,
          column_ruins_hut_pillars, column_ruins_hut,
          column_ruins_corridor_corner, column_ruins_open_small_water,
          column_ruins_columns_dead_end, column_ruins_open_tiny,
          column_ruins_grid_3, uniq_gastronok
D:12:     layout_irregular_city, serial_demonic, serial_demonic_b,
          serial_demonic_e, serial_demonic_f, serial_demonic_b, serial_shops,
          shop_fountains, shop, shop, shop, uniq_urug
Temple:   hellmonk_temple_of_storms
Lair:1:   layout_layer_cave, uniq_erica
Lair:2:   layout_misc_corridors, nicolae_swamp_entry_splash_gauntlet,
          nicolae_snake_entry_warm_welcome, lemuel_fruit_tree,
          serial_bayou_shore_a
Lair:3:   layout_cave_pods, gammafunk_ghost_icy, grunt_megastairs_5
Lair:4:   layout_roguey, nicolae_slime_entry_slimehenge, beast_lair_carwin_4,
          lemuel_fruit_fields
Lair:5:   wormcave, layout_hall_layers, hangedman_lair_caniforms_friends
Orc:1:    layout_caves, serial_shops, shop, shop, uniq_nergalle
Orc:2:    st_orc_ogre_mass, layout_caves, special_room, roderic_batcave

Skill      XL: |  1  2  3  4  5  6  7  8  9 10 11 12 13 14 |
---------------+-------------------------------------------+-----
Stealth        | 1 2 |  2.0
Spellcasting   | 1 |  1.0
Conjurations   | 1 |  1.0
Hexes          | 1 |  1.0
Summonings     | 1 |  1.0
Necromancy     | 1 |  1.0
Translocations | 1 |  1.0
Fire Magic     | 1 |  1.0
Ice Magic      | 1 |  1.0
Air Magic      | 1 |  1.0
Earth Magic    | 1 |  1.0
Alchemy        | 1 |  1.0
Fighting       | 2 3 6 7 |  7.3
Ranged Weapons | 2 3 4 6 7 10 12 14 16 | 16.0
Armour         | 2 4 6 9 10 | 10.0
Invocations    | 2 7 8 |  8.0
Dodging        | 4 5 |  5.0
Evocations     | |  3.0

Action                     |  1- 3 |  4- 6 |  7- 9 | 10-12 | 13-15 || total
---------------------------+-------+-------+-------+-------+-------++-------
  Melee: Club              |    34 |       |       |       |       ||    34
         Sling             |       |     1 |     1 |       |       ||     2
         Unarmed           |       |       |     5 |       |       ||     5
   Fire: Sling             |    76 |    86 |   291 |   674 |   842 ||  1969
  Throw: Dart              |       |       |     6 |    14 |    15 ||    35
 Invoke: Heroism           |       |       |     1 |     2 |     6 ||     9
         Finesse           |       |       |       |     1 |       ||     1
  Evoke: Wand              |     2 |     5 |    12 |     6 |     1 ||    26
    Use: Scroll            |       |     4 |     6 |     6 |     8 ||    24
         Potion            |       |     2 |     1 |     2 |     1 ||     6
 Armour: Ring mail         |    75 |    75 |   166 |   487 |    69 ||   872
         Leather armour    |     1 |       |       |       |       ||     1
         Skin              |       |       |     4 |       |       ||     4
         Robe              |       |       |       |       |   168 ||   168
         Troll leather arm |       |       |       |       |   295 ||   295
  Dodge: Dodged            |    65 |    33 |   111 |   217 |   428 ||   854

Table legend: (Time is in decaauts)
 A = Elapsed time spent in this place.
 B = Non-inter-level travel time spent in this place.
 C = Inter-level travel time spent in this place.
 D = Time resting spent in this place.
 E = Time spent auto-exploring this place.
 F = Levels seen in this place.
 G = Mean time per level.
                   A        B        C        D        E       F      G
               +--------+--------+--------+--------+--------+-----+--------+
         Total |  25488 |  24344 |   1144 |  10116 |   9384 |  21 | 1213.7 |
       Dungeon |  13609 |  12913 |    696 |   4235 |   5992 |  12 | 1134.1 |
        Temple |      1 |      1 |      0 |      0 |      0 |   1 |    1.0 |
          Lair |  10287 |   9867 |    420 |   5093 |   3076 |   5 | 2057.4 |
  Orcish Mines |   1388 |   1360 |     28 |    686 |    278 |   2 |  694.0 |
         Sewer |    200 |    200 |      0 |    102 |     38 |   1 |  200.0 |
               +--------+--------+--------+--------+--------+-----+--------+

Top non-repeatable levels by time:
  Lair:1: 3995 daAuts
     D:8: 2427 daAuts
  Lair:3: 2242 daAuts
  Lair:2: 2187 daAuts
  Lair:4: 1646 daAuts
     D:9: 1458 daAuts
    D:11: 1335 daAuts
     D:5: 1303 daAuts
    D:10: 1256 daAuts
     D:3: 1110 daAuts
     D:7: 946 daAuts
     D:4: 930 daAuts
     D:2: 890 daAuts
     D:6: 771 daAuts
   Orc:1: 748 daAuts
